 Dungeon Crawl Stone Soup version 0.28-a0-706-gf6f64a616a (webtiles) character file.

Game seed: 11549487681009458292

4811 oldriver the Thaumaturge (level 10, -7/58 HPs)
             Began as an Octopode Fire Elementalist on Oct 24, 2021.
             Mangled by a killer bee (8 damage)
             ... on level 6 of the Dungeon on Oct 25, 2021.
             The game lasted 00:18:43 (14581 turns).

oldriver the Thaumaturge (OpFE)                    Turns: 14581, Time: 00:18:44

Health: -7/58      AC:  1    Str:  8    XL:     10   Next: 48%
Magic:  16/24      EV: 14    Int: 20    God:
Gold:   280        SH:  0    Dex: 13    Spells: 18/29 levels left

rFire   . . .      SeeInvis +   j - +3 dagger (holy)
rCold   . . .      Faith    .   (no shield)
rNeg    . . .      Spirit   .   (helmet restricted)
rPois   .          Reflect  .   (no amulet)
rElec   .          Harm     .   e - ring of see invisible
rCorr   .          Rampage  .   q - ring of flight
Will    .....                   (no ring)
Stlth   ++++......              (no ring)
HPRegen 0.19/turn               (no ring)
MPRegen 0.19/turn               (no ring)
                                (no ring)
                                (no ring)

@: lethally poisoned (-7 -> -14), flying
A: almost no armour, amphibious, 8 rings, camouflage 1, gelatinous body 1,
(nimble swimmer 1), tentacles
a: no special abilities


You were on level 6 of the Dungeon.
You visited 1 branch of the dungeon, and saw 7 of its levels.
You also visited: Sewer and Ossuary.

You collected 280 gold pieces.

Inventory:

Hand Weapons
 j - a +3 dagger of holy wrath (weapon)
Jewellery
 e - a ring of see invisible (left tentacle)
 q - a ring of flight (right tentacle)
Wands
 s - a wand of iceblast (8)
Scrolls
 a - 6 scrolls of identify
 c - a scroll of fog
 n - 4 scrolls of teleportation
 r - a scroll of blinking
Potions
 b - 3 potions of might
 d - 3 potions of ambrosia {unknown}
 f - 3 potions of haste {unknown}
 h - a potion of degeneration
 i - 3 potions of attraction {unknown}
 l - a potion of mutation {unknown}
 m - 2 potions of curing
 p - a potion of lignification {unknown}
 t - a potion of heal wounds


   Skills:
 + Level 1.3 Fighting
 + Level 0.3 Short Blades
 + Level 3.1 Dodging
 + Level 4.2 Stealth
 + Level 0.1 Unarmed Combat
 + Level 10.1 Spellcasting
 + Level 5.7 Conjurations
 + Level 8.6 Fire Magic


You had 18 spell levels left.
You knew the following spells:

 Your Spells              Type           Power      Damage    Failure   Level
a - Foxfire               Conj/Fire      100%       2x1d9     1%          1
b - Scorch                Fire           88%        2d9       1%          2
c - Conjure Flame         Conj/Fire      38%        6-21      1%          3
d - Magic Dart            Conj           100%       1d8       1%          1
e - Flame Wave            Conj/Fire      38%        3d8       3%          4

Your spell library contained the following spells:

 Spells                   Type           Power      Damage    Failure   Level
 Inner Flame              Hex/Fire       27%        N/A       3%          3
 Mephitic Cloud           Conj/Pois/Air  17%        N/A       10%         3
 Call Imp                 Summ           10%        N/A       11%         2


Dungeon Overview and Level Annotations

Branches:
Dungeon (7/15)              Sewer (visited)         Ossuary (visited)
 Temple: D:4-7

Altars:
Cheibriados
Makhleb
Qazlal
Sif Muna
Wu Jian
Zin
The Shining One

Shops:
D:4 (


Innate Abilities, Weirdness & Mutations

You cannot wear most types of armour.
You are amphibious.
You can wear up to eight rings at the same time.
Your skin changes colour to match your surroundings (Stealth+).
Your rubbery body absorbs attacks. (AC +1, EV +1)
((You are camouflaged near water. (Stealth+)))
You have tentacles for arms and can constrict up to eight enemies at once.


Message History

There is a stone staircase leading down here.
You feel sick. The killer bee stings you.
You are more poisoned.
The killer bee poisons you! The killer bee stings you.
The killer bee closely misses you.
You feel very sick. The killer bee closely misses you.
The killer bee misses you. x2
You feel very sick.
You feel sick. The killer bee barely misses you.
You feel sick. The killer bee closely misses you.
Casting: Scorch (safe; 1% risk of failure)
Confirm with . or Enter, or press ? or * to list all spells.
Flames lash the killer bee.
The killer bee is severely wounded.
The killer bee's fire resistance burns away.
You feel sick. The killer bee closely misses you. The killer bee misses you.
Casting: Scorch (safe; 1% risk of failure)
Confirm with . or Enter, or press ? or * to list all spells.
Flames lash the killer bee.
The killer bee is burned terribly!
You kill the killer bee!
You feel sick. The killer bee barely misses you.
Casting: Scorch (safe; 1% risk of failure)
Confirm with . or Enter, or press ? or * to list all spells.
Flames lash the killer bee.
The killer bee is severely wounded.
The killer bee's fire resistance burns away.
You feel sick. The killer bee stings you!
* * * LOW HITPOINT WARNING * * *
You are lethally poisoned!
The killer bee poisons you! The killer bee stings you.
* * * LOW HITPOINT WARNING * * *
Casting: Scorch (safe; 1% risk of failure)
Confirm with . or Enter, or press ? or * to list all spells.
Flames lash the killer bee.
The killer bee is heavily wounded.
The killer bee's fire resistance burns away.
* * * LOW HITPOINT WARNING * * *
You feel very sick. The killer bee stings you!
You die...

###### #.§..# #.##.#
####### #.##.####
...)..#######.##....#
.#'##......##.##.####
##..######..#.##.#
#....##..##.#.##.#
#....'....#.#.##@#
##..##....#...##y#
.'#####..####>.#y#
.##..)##'#..##y..#
##.....##....#.###
#.......'....#.#
#...8...##..##.#
†.......##'##..# ###
##.....##..##..# #<#


You could see 2 killer bees.

Vanquished Creatures
  A two-headed ogre (D:6)
  A troll (D:6)
  5 yaks (D:6)
  A steam dragon (D:4)
  A water moccasin (D:5)
  4 sky beasts
  An ice beast (D:5)
  5 ogres
  4 kobold brigands (Sewer)
  2 bullfrogs (D:6)
  3 scorpions
  A wyvern zombie (Ossuary)
  A water moccasin zombie (Ossuary)
  A killer bee (D:6)
  2 howler monkeys
  2 centaur zombies (Ossuary)
  12 bullfrog zombies
  2 hounds (D:5)
  2 centaur skeletons (D:6)
  A bullfrog skeleton (D:6)
  An orc wizard (D:4)
  An iguana (D:5)
  3 killer bee zombies
  21 mummies (Ossuary)
  A hound skeleton (D:4)
  3 howler monkey zombies
  8 adders
  A howler monkey skeleton (D:6)
  3 river rats
  A shadow imp (D:6)
  2 white imps
  An ufetubus (D:6)
  An adder zombie (D:5)
  5 worms
  4 dart slugs
  5 orcs
  13 ball pythons
  8 endoplasms
  3 giant cockroaches
  6 goblins
  6 hobgoblins
  7 jackals
  4 quokkas
  2 bats
  5 frilled lizards
  16 kobolds
  8 rats
191 creatures vanquished.

Vanquished Creatures (collateral kills)
  A foxfire (Ossuary)
1 creature vanquished.

Vanquished Creatures (others)
  1099 foxfires
  2 withered plants (Ossuary)
1101 creatures vanquished.

Grand Total: 1293 creatures vanquished

Notes
Turn   | Place    | Note
-------+----------+-------------------------------------------
     0 | D:1      | oldriver the Octopode Fire Elementalist began the quest for
                  | the Orb.
     0 | D:1      | Reached XP level 1. HP: 11/11 MP: 3/3
   971 | D:1      | Reached XP level 2. HP: 17/17 MP: 0/5
  1369 | D:1      | Found a faded altar of an unknown god.
  1371 | D:1      | Noticed a floating eye
  1372 | D:1      | Noticed an eye of devastation
  1436 | D:1      | Noticed a floating eye
  1439 | D:1      | Noticed a shining eye
  1801 | D:1      | Reached skill level 3 in Spellcasting
  2460 | D:2      | Reached XP level 3. HP: 21/21 MP: 3/7
  2928 | D:2      | Found a glowing golden altar of the Shining One.
  3752 | D:3      | Found a snail-covered altar of Cheibriados.
  3855 | D:3      | Reached XP level 4. HP: 18/27 MP: 0/9
  3907 | D:3      | Found a glowing drain.
  3935 | D:2      | Reached skill level 4 in Spellcasting
  4206 | Sewer    | Entered a sewer
  5139 | Sewer    | Noticed a kobold brigand
  5193 | Sewer    | Learned a level 2 spell: Scorch
  5279 | Sewer    | Killed a kobold brigand
  5280 | Sewer    | Reached skill level 5 in Spellcasting
  5280 | Sewer    | Reached XP level 5. HP: 31/31 MP: 4/12
  5581 | Sewer    | Noticed a kobold brigand
  5606 | Sewer    | Killed a kobold brigand
  5607 | Sewer    | Reached XP level 6. HP: 36/36 MP: 2/14
  6513 | Sewer    | Reached skill level 6 in Spellcasting
  7305 | D:3      | Found a burning altar of Makhleb.
  7575 | D:3      | Reached XP level 7. HP: 41/41 MP: 11/16
  7634 | D:3      | Learned a level 3 spell: Conjure Flame
  7636 | D:3      | Learned a level 1 spell: Magic Dart
  8214 | D:4      | Noticed a steam dragon
  8220 | D:4      | HP: 1/41 [steam dragon (6)]
  8238 | D:4      | Killed a steam dragon
  8477 | D:4      | Found Koqiaxyn's Weapon Emporium.
  8812 | D:4      | Reached skill level 7 in Spellcasting
  8812 | D:4      | Reached XP level 8. HP: 46/46 MP: 8/18
  9201 | D:4      | Found a stormy altar of Qazlal.
  9387 | D:5      | Entered Level 5 of the Dungeon
  9415 | D:5      | Reached skill level 5 in Fire Magic
 10483 | D:5      | Learned a level 4 spell: Flame Wave
 10814 | D:5      | Found a glowing silver altar of Zin.
 10814 | D:5      | Noticed an angel
 11061 | D:6      | Reached skill level 8 in Spellcasting
 11102 | D:6      | Noticed a two-headed ogre
 11116 | D:6      | Killed a two-headed ogre
 11117 | D:6      | Reached XP level 9. HP: 22/52 MP: 9/21
 11138 | D:6      | Found a sand-covered staircase.
 11142 | Ossuary  | Entered an ossuary
 11966 | Ossuary  | Reached skill level 9 in Spellcasting
 12151 | Ossuary  | Reached skill level 1 in Fighting
 13028 | D:6      | Reached skill level 5 in Conjurations
 13028 | D:6      | Reached XP level 10. HP: 57/58 MP: 8/23
 13484 | D:6      | Found a shimmering blue altar of Sif Muna.
 13795 | D:6      | Reached skill level 10 in Spellcasting
 14029 | D:6      | Found an ornate altar of the Wu Jian Council.
 14581 | D:6      | HP: 1/58 [poisoned by a killer bee]
 14581 | D:6      | Mangled by a killer bee

Illustrated notes

Levels and vault maps discovered:
D:1:      giann_wishing_wells, layout_loops_ring,
          hellmonk_ecumenical_altar_watching_god, roderic_roman_lattice,
          minmay_tetromino_l2
D:2:      layout_loops_ring, basic_altar
D:3:      layout_basic, nicolae_overflow_crystal_walls, lemuel_doored_altar,
          portal_sewer_entry_a, minmay_misc_feat_plants
D:4:      layout_basic, mainiacjoe_overflow_catwalk, serial_shops,
          nicolae_shop_stone, due_unseen_surprise
D:5:      layout_basic, zin_angel
D:6:      minmay_bubble_buster, layout_basic, nicolae_sif_muna_little_library,
          lemuel_tele_altar, enter_ossuary_5
D:7:      layout_gridville, minmay_temple_entry_arrows

Skill      XL: |  1  2  3  4  5  6  7  8  9 10 |
---------------+-------------------------------+-----
Spellcasting   | 3 5 6 7 8 9 10 | 10.1
Conjurations   | 2 3 4 5 |  5.7
Fire Magic     | 4 6 8 |  8.6
Stealth        | 4 |  4.2
Fighting       | 1 |  1.3
Dodging        | 3 |  3.1
Short Blades   | |  0.3
Unarmed Combat | |  0.1

Action                   |  1- 3 |  4- 6 |  7- 9 | 10-12 || total
-------------------------+-------+-------+-------+-------++-------
Melee: Unarmed           |    27 |     5 |       |       ||    32
       Constrict         |     7 |     1 |     3 |       ||    11
       Tentacles         |     1 |     1 |     2 |       ||     4
       Dagger            |       |       |    25 |       ||    25
 Cast: Foxfire           |   115 |   210 |   310 |    48 ||   683
       Scorch            |       |     4 |    62 |    32 ||    98
       Conjure Flame     |       |       |     1 |     4 ||     5
  Use: Scroll            |     2 |       |     5 |     5 ||    12
       Potion            |       |       |    10 |       ||    10
Armor: Skin              |     6 |       |     7 |     1 ||    14
Dodge: Dodged            |    37 |    18 |    75 |    27 ||   157

Table legend: (Time is in decaauts)
 A = Elapsed time spent in this place.
 B = Non-inter-level travel time spent in this place.
 C = Inter-level travel time spent in this place.
 D = Time resting spent in this place.
 E = Time spent auto-exploring this place.
 F = Levels seen in this place.
 G = Mean time per level.
                   A        B        C        D        E       F      G
               +--------+--------+--------+--------+--------+-----+--------+
         Total |  14593 |  14373 |    220 |   7125 |   5227 |   9 | 1621.4 |
       Dungeon |  10325 |  10105 |    220 |   4283 |   4428 |   7 | 1475.0 |
         Sewer |   2814 |   2814 |      0 |   1830 |    626 |   1 | 2814.0 |
       Ossuary |   1453 |   1453 |      0 |   1012 |    173 |   1 | 1453.0 |
               +--------+--------+--------+--------+--------+-----+--------+

Top non-repeatable levels by time:
   Sewer: 2814 daAuts
     D:1: 2455 daAuts
     D:6: 1956 daAuts
     D:5: 1779 daAuts
     D:2: 1550 daAuts
     D:3: 1506 daAuts
 Ossuary: 1453 daAuts
     D:4: 1060 daAuts
     D:7: 15 daAuts
